Map: Kairos Junction LE

Players

MCanning - Winner!

  • Race: Protoss Protoss
  • Spawn Location: 11:00

Toodming

  • Race: Zerg Zerg
  • League: Gold
  • Spawn Location: 5:00

Event: 2019 WCS Winter Americas

VOD

Have the link to the VOD?

Description

Time

  • Played on: Jan. 31, 2019, 3:14 p.m.
  • Length: 15:43

All games in this series

Show
View Real Time Build Order
Export as new Build Order

MCanning Protoss - Winner!

Build Orders: 1 Gate Expand, Oracle Opening, Carriers 

Get SALT Encoding   

  12  0:00  Probe  
  13  0:12  Probe  
  14  0:19  Pylon  
  14  0:24  Probe  
  15  0:34  Probe  
  15  0:38  Gateway  
  15  0:42  Probe  
  16  0:48  Assimilator  
  17  0:51  Probe  
  18  1:03  Probe  
  19  1:15  Probe  
  20  1:24  Nexus  
  20  1:33  Cybernetics Core  
  20  1:37  Probe  
  21  1:44  Assimilator  
  21  1:49  Probe  
  21  1:52  Pylon  
  22  2:00  Adept  
  22  2:01  Probe  
  23  2:13  Probe  
  26  2:20  Stargate  
  26  2:25  Probe  
  27  2:30  Adept  
  27  2:32  Warp Gate  
  27  2:34  Probe  
  27  2:36  Probe  
  30  2:42  Probe  
  31  2:48  Probe  
  33  2:51  Probe  
  33  2:55  Oracle  
  34  3:01  Probe  
  34  3:03  Probe  
  39  3:10  Stalker  
  41  3:13  Probe  
  41  3:14  Probe  
  41  3:18  Pylon  
  43  3:22  Probe  
  43  3:25  Probe  
  45  3:28  Assimilator  
  45  3:31  Assimilator  
  45  3:37  Probe  
  45  3:39  Gateway  
  49  3:42  Probe  
  49  3:46  Pylon  
  47  3:49  Stargate, Probe  
  47  3:52  Oracle  
  47  3:54  Probe  
  49  4:01  Probe  
  53  4:06  Probe  
  54  4:10  Pylon  
  54  4:13  Probe, Pylon  
  55  4:18  Probe  
  56  4:24  Adept  
  56  4:25  Oracle, Probe  
  56  4:29  Oracle  
  56  4:30  Probe  
  63  4:37  Probe  
  67  4:42  Probe  
  68  4:46  Adept  
  70  4:55  Nexus  
  70  4:57  Oracle, Pylon  
  70  5:00  Oracle  
  70  5:02  Probe  
  77  5:09  Probe  
  78  5:15  Probe  
  78  5:16  Shield Battery  
  79  5:21  Probe, Adept  
  82  5:28  Probe  
  82  5:30  Pylon  
  82  5:34  Oracle  
  86  5:39  Pylon  
  86  5:44  Forge  
  86  5:45  Twilight Council  
  86  5:48  Probe x2  
  91  5:55  Pylon  
  91  6:00  Probe x2  
  91  6:01  Oracle  
  93  6:06  Void Ray  
  96  6:14  Gateway, Shield Battery  
  96  6:17  Gateway  
  96  6:18  Adept, Gateway  
  90  6:28  Adept, Void Ray  
  90  6:30  Shield Battery  
  96  6:40  Protoss Ground Weapons Level 1  
  96  6:42  Stalker, Charge  
  98  6:50  Stalker  
  100  7:04  Probe  
  101  7:14  Templar Archives  
  101  7:21  Nexus  
  101  7:22  Gateway  
  101  7:24  Gateway  
  101  7:26  Pylon x2  
  101  7:28  Shield Battery  
  101  7:31  Shield Battery  
  101  7:33  Probe  
  101  7:34  Photon Cannon  
  102  7:42  Robotics Facility  
  102  7:47  Zealot x3, Psionic Storm  
  102  7:48  Zealot x2  
  112  8:03  Probe  
  112  8:04  Assimilator  
  113  8:07  Assimilator, Probe  
  113  8:09  High Templar x2  
  118  8:14  Pylon  
  118  8:15  Pylon  
  118  8:27  Blink  
  118  8:28  Observer  
  118  8:32  Probe x3  
  121  8:35  High Templar  
  121  8:40  Protoss Ground Weapons Level 2  
  124  8:44  Probe x2  
  124  8:45  High Templar  
  124  8:47  Zealot x4  
  136  8:52  Probe  
  136  8:53  Warp Prism  
  137  8:55  Pylon  
  137  8:58  High Templar  
  139  9:07  Photon Cannon  
  141  9:14  Probe  
  141  9:16  Shield Battery  
  142  9:18  Pylon  
  142  9:20  Zealot x3  
  142  9:23  Probe  
  147  9:27  Pylon  
  147  9:32  Zealot x3  
  153  9:41  Photon Cannon  
  153  9:45  Zealot  
  153  9:48  High Templar x3  
  153  9:52  High Templar  
  163  9:53  Gateway  
  163  9:55  Immortal  
  163  9:56  Archon x2  
  167  10:08  Nexus  
  165  10:19  Pylon  
  165  10:23  High Templar, Fleet Beacon  
  165  10:24  Zealot x3  
  172  10:42  Mothership  
  172  10:44  Nexus  
  172  10:46  Pylon  
  172  10:50  Pylon  
  172  10:51  Pylon  
  172  10:53  Pylon  
  170  10:58  Protoss Ground Weapons Level 3, Protoss Air Weapons Level 1  
  170  11:04  Immortal  
  170  11:05  Carrier  
  176  11:22  Photon Cannon, Carrier  
  176  11:23  Photon Cannon  
  176  11:25  Shield Battery  
  188  11:34  Stargate  
  188  11:41  Photon Cannon  
  188  11:42  Pylon  
  186  11:47  Zealot x2  
  184  12:03  Observer  
  184  12:05  Probe  
  184  12:12  Photon Cannon, Shield Battery  
  184  12:13  Carrier  
  184  12:14  Assimilator  
  184  12:15  Probe  
  185  12:17  Assimilator  
  185  12:18  Carrier  
  197  12:42  Protoss Air Weapons Level 2  
  197  12:50  Carrier  
  185  13:10  Probe  
  185  13:12  Carrier  
  192  13:25  Zealot x3  
  192  13:26  Zealot x2  
  200  13:28  Nexus, Pylon  
  200  13:51  Photon Cannon  
  200  13:52  Photon Cannon x2  
  200  13:55  Shield Battery  
  200  13:59  Photon Cannon  
  200  14:00  Assimilator, Shield Battery  
  200  14:01  Pylon  
  195  14:02  Pylon  
  195  14:05  Assimilator  
  195  14:08  Zealot x3  
  195  14:09  Zealot x4, Pylon  
  195  14:25  Zealot  
  185  14:59  Zealot x4  
  193  15:00  Zealot x3, Nexus  
  193  15:01  Pylon  
  185  15:40  Zealot x3  
Show
View Real Time Build Order
Export as new Build Order

Toodming Zerg 

Build Orders: Hatch First, Lurkers 

Get SALT Encoding   

  12  0:01  Drone  
  13  0:12  Overlord  
  13  0:17  Drone  
  14  0:30  Drone x2  
  16  0:49  Hatchery  
  15  0:52  Drone  
  15  0:55  Drone  
  17  0:58  Drone  
  18  1:09  Extractor  
  17  1:15  Spawning Pool  
  17  1:17  Drone  
  17  1:21  Drone  
  18  1:28  Drone  
  19  1:40  Drone  
  20  1:49  Overlord  
  20  2:01  Queen x2  
  20  2:02  Zergling x4  
  26  2:09  Metabolic Boost  
  26  2:11  Drone  
  26  2:12  Drone  
  28  2:21  Drone  
  28  2:22  Drone  
  30  2:35  Hatchery  
  29  2:41  Drone x2  
  31  2:44  Overlord  
  31  2:51  Queen  
  33  2:53  Drone  
  33  2:55  Drone  
  35  3:00  Drone  
  35  3:04  Drone  
  35  3:05  Drone  
  38  3:08  Drone x2  
  38  3:10  Drone x2  
  38  3:12  Drone  
  43  3:16  Overlord  
  43  3:18  Drone  
  44  3:27  Spore Crawler  
  43  3:32  Drone  
  44  3:39  Drone x3  
  47  3:44  Overlord  
  47  3:48  Overlord  
  47  3:49  Queen  
  47  3:54  Spore Crawler  
  47  3:55  Spore Crawler  
  47  4:01  Lair  
  47  4:05  Extractor, Drone x5  
  47  4:08  Queen  
  53  4:15  Drone  
  53  4:16  Roach Warren, Drone x3  
  56  4:21  Overlord  
  56  4:23  Drone x2  
  58  4:37  Overlord x2  
  57  4:44  Zergling x2  
  57  4:45  Zergling x16  
  66  4:51  Overlord x2  
  66  4:53  Drone x2  
  66  4:54  Drone  
  69  5:00  Glial Reconstitution  
  69  5:09  Roach  
  69  5:10  Roach x4  
  69  5:13  Overseer  
  79  5:19  Roach x3  
  84  5:31  Drone x7  
  84  5:35  Extractor  
  90  5:36  Overlord x2, Extractor  
  90  5:37  Drone  
  90  5:38  Drone  
  90  5:39  Drone  
  90  5:42  Evolution Chamber, Drone  
  92  5:48  Extractor  
  91  5:53  Drone x3  
  94  5:58  Extractor  
  94  6:02  Spore Crawler  
  86  6:04  Spore Crawler  
  86  6:05  Hydralisk Den  
  86  6:08  Zergling x2  
  86  6:09  Zergling x18  
  69  6:19  Drone x3  
  69  6:24  Drone x2  
  63  6:30  Drone  
  57  6:35  Ravager x2  
  57  6:36  Ravager x2  
  57  6:37  Drone x4  
  58  6:44  Drone x2  
  60  6:50  Drone x2  
  62  6:59  Drone x2  
  58  7:01  Drone x2  
  56  7:09  Drone  
  56  7:13  Drone x2  
  59  7:18  Drone  
  59  7:19  Grooved Spines  
  60  7:23  Drone x2  
  60  7:28  Queen x2  
  66  7:33  Queen  
  69  7:37  Drone x3  
  69  7:40  Drone  
  69  7:43  Drone  
  69  7:44  Drone  
  74  7:50  Spore Crawler  
  74  7:51  Spore Crawler x2  
  72  7:52  Spore Crawler  
  72  7:54  Spore Crawler  
  72  7:56  Spore Crawler  
  72  7:58  Drone  
  69  7:59  Drone  
  69  8:02  Drone x2  
  72  8:07  Drone x2  
  74  8:15  Spire  
  74  8:16  Zerg Melee Weapons Level 1  
  74  8:17  Drone x2  
  75  8:27  Drone x4  
  75  8:32  Muscular Augments  
  79  8:34  Lurker Den  
  79  8:35  Drone  
  79  8:37  Drone x4  
  83  8:52  Overlord x2, Drone x4  
  87  9:02  Hydralisk x3  
  88  9:03  Hydralisk x2  
  88  9:06  Hydralisk  
  97  9:15  Hydralisk x3  
  103  9:21  Hydralisk x3  
  103  9:23  Overlord x2  
  109  9:30  Hydralisk x2  
  109  9:31  Hydralisk  
  115  9:42  Roach x6  
  127  9:50  Evolution Chamber  
  127  9:52  Roach x4  
  134  9:53  Evolution Chamber  
  135  10:02  Lurker x2  
  135  10:03  Lurker x5  
  142  10:09  Overlord x3  
  142  10:24  Zerg Missile Weapons Level 1  
  142  10:25  Hydralisk x4  
  142  10:26  Hydralisk, Evolution Chamber  
  148  10:41  Hydralisk x6  
  149  10:54  Lurker  
  149  11:01  Overlord x3  
  149  11:15  Lurker x3  
  144  11:21  Zergling x32  
  144  11:24  Overseer  
  160  11:45  Infestation Pit, Zerg Melee Weapons Level 2  
  160  11:46  Hydralisk x5  
  161  11:48  Hatchery  
  165  11:58  Infestation Pit  
  164  12:02  Zergling x22  
  173  12:08  Spire  
  173  12:12  Drone x2  
  174  12:23  Overseer  
  174  12:31  Overseer  
  174  12:37  Hive  
  174  12:39  Zerg Missile Weapons Level 2  
  174  12:57  Zergling x2  
  174  12:58  Zergling x34  
  190  13:09  Drone  
  190  13:10  Drone x3  
  191  13:22  Spore Crawler x2  
  191  13:23  Spore Crawler  
  186  13:31  Hydralisk x6  
  186  13:33  Extractor  
  186  13:34  Extractor, Zergling x2  
  194  13:50  Greater Spire, Adrenal Glands  
  181  14:04  Corruptor x8  
  192  14:27  Viper  
  182  14:38  Hatchery  
  181  14:45  Hatchery  
  158  15:23  Zergling x2  
Tags
 
Add a new tag
Caveats
  • Supply blocks, unpowered buildings, or Contaminate may cause inaccurate times.
  • Supply counts are checked every 10 seconds.